 Dungeon Crawl Stone Soup version 0.30-a0-377-g5cb311bc9f (webtiles) character file.

Game seed: 8097975517246297895

173 RascalDebosk the Magician (level 5, -4/36 HPs)
             Began as a Djinni Conjurer on Nov 30, 2022.
             Slain by a goblin
             ... wielding a +0 club
             ... led by Robin
              (5 damage)
             ... on level 2 of the Dungeon.
             The game lasted 00:12:58 (1719 turns).

RascalDebosk the Magician (Djinni Conjurer)         Turns: 1719, Time: 00:12:59

Health: -4/36      AC:  2    Str:  6    XL:     5   Next: 83%
Gold:   99         EV: 12    Int: 21    God:
                   SH:  0    Dex: 12

rFire   + + .      SeeInvis .    (no weapon)
rCold   x . .      Faith    .    (no shield)
rNeg    . . .      Spirit   .    a - +0 robe
rPois   ∞          Reflect  .    (no helmet)
rElec   .          Harm     .    (no cloak)
rCorr   .          Rampage  .    (no gloves)
Will    .....                    (boots unavailable)
Stlth   ++........               (no amulet)
HPRegen 0.26/turn                (no ring)
MPRegen 0.00/turn                (no ring)

@: flying
A: sickness immunity, fire resistance 2, cold vulnerability 1, float, innate
caster, HP casting, extra vitality 1
a: no special abilities


You were on level 2 of the Dungeon.
You visited 1 branch of the dungeon, and saw 3 of its levels.

You collected 99 gold pieces.

Inventory:

Hand Weapons
 s - a +0 dagger
Armour
 a - a +0 robe (worn)
Wands
 h - a wand of roots (8)
Scrolls
 b - 4 scrolls of teleportation {unknown}
 c - 5 scrolls of identify {unknown}
 d - a scroll of enchant armour {unknown}
 f - a scroll of magic mapping {unknown}
Potions
 e - 2 potions of curing {unknown}
 g - a potion of might {unknown}
 i - a potion of brilliance {unknown}
 j - 2 potions of berserk rage {unknown}


   Skills:
 + Level 0.7 Fighting
 - Level 2.1 Dodging
 - Level 1.5 Stealth
 * Level 5.1 Spellcasting


You couldn't memorise any spells.
You knew the following spells:

 Your Spells              Type           Power      Damage    Failure   Level
a - Magic Dart            Conj           100%       1d8       1%          1
b - Searing Ray           Conj           54%        2d6       1%          2
c - Dazzling Flash        Conj/Hex       54%        N/A       3%          3
d - Fulminant Prism       Conj/Hex       13%        3d8       13%         4
e - Iskenderun's Mystic   Conj/Tloc      27%        2d7       13%         4
f - Kiss of Death         Conj/Necr      100%       2d13      1%          1
g - Static Discharge      Conj/Air       54%        2-5/arc   1%          2
Your spell library was empty.

Dungeon Overview and Level Annotations

Branches:
Dungeon (3/15)

Altars:

Shops:
D:1 =

Annotations:
D:3 Robin


Innate Abilities, Weirdness & Mutations

You are immune to sickness and miasma.
You are immune to poison.
Your flesh is very heat resistant. (rF++)
You are vulnerable to cold. (rC-)
You float through the air rather than walking.
You learn spells naturally, not from books.
Your magical power is your life essence.
You have superior vitality. (+4 MHP)


Message History

Aiming: Magic Dart (safe; 1% risk of failure)
Press: ? - help, Q - select action, (/) - cycle Shift-Dir - straight line, f - goblin
Aim: a goblin, wielding a +0 dagger (100% to hit)
The magic dart hits the goblin.
You kill the goblin!
Aiming: Magic Dart (safe; 1% risk of failure)
Press: ? - help, Q - select action, (/) - cycle Shift-Dir - straight line, f - goblin
Aim: a goblin, wielding a +0 club (100% to hit)
The magic dart hits the goblin.
You kill the goblin!
Robin of the Strong Arm comes into view.
They are wielding a +1 whip of venom.
Aiming: Magic Dart (safe; 1% risk of failure)
Press: ? - help, Q - select action, (/) - cycle Shift-Dir - straight line, f - Robin
Aim: Robin, wielding a +1 whip of venom, wearing a +0 animal skin and wearing a +0 helmet (wandering, hasn't noticed you, 100% to hit)
The magic dart hits Robin.
Robin is lightly wounded.
Robin shouts!
You hear a shout!
Robin says, "Bow before me, strongest of all the hobgoblins!"
A goblin comes into view. It is wielding a +0 dagger.
Aiming: Magic Dart (safe; 1% risk of failure)
Press: ? - help, Q - select action, (/) - cycle Shift-Dir - straight line, f/p - Robin
Aim: Robin, wielding a +1 whip of venom, wearing a +0 animal skin and wearing a +0 helmet (lightly wounded, 100% to hit)
The magic dart hits Robin.
Robin is moderately wounded.
The goblin shouts!
A goblin comes into view. It is wielding a +0 club.
Robin throws the goblin at you!
Aiming: Magic Dart (safe; 1% risk of failure)
Press: ? - help, Q - select action, (/) - cycle Shift-Dir - straight line, f/p - Robin
Aim: Robin, wielding a +1 whip of venom, wearing a +0 animal skin and wearing a +0 helmet (moderately wounded, 100% to hit)
The magic dart hits Robin.
Robin is heavily wounded.
The goblin barely misses you.
A hobgoblin comes into view.
Aiming: Magic Dart (safe; 1% risk of failure)
Press: ? - help, Q - select action, (/) - cycle Shift-Dir - straight line, f/p - Robin
Aim: Robin, wielding a +1 whip of venom, wearing a +0 animal skin and wearing a +0 helmet (heavily wounded, 100% to hit)
The magic dart hits Robin but does no damage.
Robin is heavily wounded.
The hobgoblin shouts!
The goblin completely misses you.
A goblin comes into view. It is wielding a +0 club. x2
Aiming: Magic Dart (safe; 1% risk of failure)
Press: ? - help, Q - select action, (/) - cycle Shift-Dir - straight line, f/p - Robin
Aim: Robin, wielding a +1 whip of venom, wearing a +0 animal skin and wearing a +0 helmet (heavily wounded, 100% to hit)
The magic dart hits Robin.
Robin is severely wounded.
The goblin shouts!
You hear a shout!
The goblin hits you with a +0 club.
Robin roars a battlecry!
The goblins go into a battle-frenzy!
Aiming: Magic Dart (safe; 1% risk of failure)
Press: ? - help, Q - select action, (/) - cycle Shift-Dir - straight line, f/p - Robin
Aim: Robin, wielding a +1 whip of venom, wearing a +0 animal skin and wearing a +0 helmet (severely wounded, 100% to hit)
The magic dart hits Robin but does no damage.
Robin is severely wounded.
The goblin hits you with a +0 club.
A hobgoblin comes into view.
Robin throws the goblin at you!
Unknown command.
Aiming: Magic Dart (safe; 1% risk of failure)
Press: ? - help, Q - select action, (/) - cycle Shift-Dir - straight line, f/p - Robin
Aim: Robin, wielding a +1 whip of venom, wearing a +0 animal skin and wearing a +0 helmet (severely wounded, 100% to hit)
The magic dart hits Robin.
Robin is almost dead.
The goblin hits you with a +0 club. x2
* * * LOW HITPOINT WARNING * * *
Robin throws the goblin at you!
* * * LOW HITPOINT WARNING * * *
An endoplasm comes into view.
The goblin hits you but does no damage. The goblin hits you with a +0 club.
* * * LOW HITPOINT WARNING * * *
The goblin barely misses you. The goblin barely misses you.
The goblin attacks as you move away! The goblin hits you but does no damage.
The goblin attacks as you move away! The goblin misses you.
There is a stone staircase leading up here.
The goblin closely misses you. The goblin barely misses you.
You fly upwards.
There is a stone staircase leading down here.
Aiming: Magic Dart (safe; 1% risk of failure)
Press: ? - help, Q - select action, (/) - cycle Shift-Dir - straight line, f - goblin
Aim: a goblin, wielding a +0 club (strong, 100% to hit)
The magic dart hits the goblin.
The goblin is moderately wounded.
* * * LOW HITPOINT WARNING * * *
The goblin hits you with a +0 club.
* * * LOW HITPOINT WARNING * * *
The goblin hits you but does no damage. The goblin hits you with a +0 club.
* * * LOW HITPOINT WARNING * * *
Aiming: Magic Dart (safe; 1% risk of failure)
Press: ? - help, Q - select action, (/) - cycle Shift-Dir - straight line, f/p - goblin
Aim: a goblin, wielding a +0 club (moderately wounded, strong, 100% to hit)
The magic dart hits the goblin.
You kill the goblin!
* * * LOW HITPOINT WARNING * * *
The goblin hits you with a +0 club.
You die...

##.# #..# ##.#..####.#
#.# #..# #.###.......
#.# #..# ##.#..####..
#.# ##..####..........
#.# #...........#####.
#.# #..)....#...#<###.
#.# #.......#....#.##.
#.# #)..........###...
#.#####@g.....#..#.#.##.
#......g....<.#..##.###.
#######.......#.........
########.#......#.
##.######.# ### ###


You could see 2 goblins.

Vanquished Creatures
  A hound (D:3)
  Terence (D:2)
  Natasha (thrice) (D:2)
  An adder (D:2)
  A worm (D:2)
  3 ball pythons (D:1)
  6 bats
  4 goblins
  2 hobgoblins
  4 jackals (D:2)
  3 frilled lizards
  4 kobolds
  5 rats
38 creatures vanquished.

Notes
Turn   | Place    | Note
-------+----------+-------------------------------------------
     0 | D:1      | RascalDebosk the Djinni Conjurer began the quest for the
                  | Orb.
     0 | D:1      | RascalDebosk set off with the following spells memorised:
                  | Magic Dart, Searing Ray, Dazzling Flash, Fulminant Prism,
                  | Iskenderun's Mystic Blast.
     0 | D:1      | Reached XP level 1. HP: 15/15 MP: 0/0
   254 | D:1      | Reached XP level 2. HP: 18/21 MP: 0/0
   348 | D:1      | Found a faded altar of an unknown god.
   489 | D:1      | Found Eqesm's One-of-a-Kind Rings.
   991 | D:2      | Reached XP level 3. HP: 24/25 MP: 0/0
   991 | D:2      | Learned a level 1 spell: Kiss of Death
  1009 | D:2      | Noticed Natasha
  1014 | D:2      | Killed Natasha
  1015 | D:2      | Reached skill level 4 in Spellcasting
  1071 | D:2      | Noticed Terence
  1076 | D:2      | Reached XP level 4. HP: 27/31 MP: 0/0
  1097 | D:2      | Killed Terence
  1290 | D:2      | Noticed Natasha
  1294 | D:2      | Killed Natasha
  1295 | D:2      | Reached XP level 5. HP: 32/35 MP: 0/0
  1295 | D:2      | Learned a level 2 spell: Static Discharge
  1528 | D:2      | Noticed Natasha
  1535 | D:2      | Killed Natasha
  1536 | D:2      | Reached skill level 5 in Spellcasting
  1703 | D:3      | Noticed Robin
  1719 | D:2      | Slain by a goblin

Illustrated notes

Levels and vault maps discovered:
D:1:      nicolae_arrival_somewhat_less_tricky_arrival, layout_loops_ring,
          hellmonk_ecumenical_altar_zigzags, nicolae_shop_unique_rings
D:2:      layout_loops_ring, basic_altar, minivault_27, uniq_terence,
          uniq_natasha
D:3:      layout_basic, nicolae_tso_carved_into_rock,
          nicolae_overflow_crystal_walls, uniq_robin, uniq_jessica

Skill      XL: |  1  2  3  4  5 |
---------------+----------------+-----
Spellcasting   | 4 5 |  5.1
Fighting       | |  0.7
Dodging        | |  2.1
Stealth        | |  1.5

Action                   |  1- 3 |  4- 6 || total
-------------------------+-------+-------++-------
 Cast: Magic Dart        |    40 |    43 ||    83
       Searing Ray       |     1 |     1 ||     2
       Iskenderun's Myst |       |     4 ||     4
Armor: Robe              |     3 |     5 ||     8
Dodge: Dodged            |     4 |    11 ||    15

Table legend: (Time is in decaauts)
 A = Elapsed time spent in this place.
 B = Non-inter-level travel time spent in this place.
 C = Inter-level travel time spent in this place.
 D = Time resting spent in this place.
 E = Time spent auto-exploring this place.
 F = Levels seen in this place.
 G = Mean time per level.
                   A        B        C        D        E       F      G
               +--------+--------+--------+--------+--------+-----+--------+
         Total |   1719 |   1648 |     71 |    112 |   1269 |   3 |  573.0 |
       Dungeon |   1719 |   1648 |     71 |    112 |   1269 |   3 |  573.0 |
               +--------+--------+--------+--------+--------+-----+--------+

Top non-repeatable levels by time:
     D:2: 846 daAuts
     D:1: 791 daAuts
     D:3: 81 daAuts
